 Dungeon Crawl Stone Soup version 0.28-a0-1339-ga5422284a4 (webtiles) character file.

Game seed: 14644292170037025321

90 gimp the Skirmisher (level 4, -1/40 HPs)
             Began as a Demigod Wanderer on Dec 28, 2021.
             Slain by Natasha (4 damage)
             ... on level 2 of the Dungeon.
             The game lasted 00:04:57 (1849 turns).

gimp the Skirmisher (Demigod Wanderer)              Turns: 1849, Time: 00:04:57

Health: -1/40      AC:  9    Str: 17    XL:     4   Next: 11%
Magic:  6/6        EV:  6    Int: 11    God:
Gold:   62         SH:  7    Dex: 16    Spells: 3/3 levels left

rFire   . . .      SeeInvis .   a - +0 falchion
rCold   . . .      Faith    .   b - +2 buckler
rNeg    . . .      Spirit   .   f - +0 chain mail
rPois   .          Reflect  .   (no helmet)
rElec   .          Harm     .   c - +0 cloak
rCorr   .          Rampage  .   (no gloves)
Will    .....                   (no boots)
Stlth   ..........              (no amulet)
HPRegen 0.13/turn               (no ring)
MPRegen 0.10/turn               (no ring)

@: slowed, very slow
A: high mp 1, forlorn, divine attributes
a: no special abilities


You were on level 2 of the Dungeon.
You visited 1 branch of the dungeon, and saw 2 of its levels.

You collected 62 gold pieces.

Inventory:

Hand Weapons
 a - a +0 falchion (weapon)
Armour
 b - a +2 buckler (worn)
 c - a +0 cloak (worn)
 f - a +0 chain mail (worn)
Jewellery
 e - a +6 ring of intelligence
Scrolls
 g - a scroll of enchant weapon {unknown}
 h - a scroll of identify {unknown}
Potions
 d - 2 potions of cancellation {unknown}


   Skills:
 * Level 4.2 Fighting
 - Level 1.0 Long Blades
 - Level 1.0 Armour
 - Level 2.6 Stealth
 + Level 2.7 Shields


You had 3 spell levels left.
You didn't know any spells.
Your spell library contained the following spells:

 Spells                   Type           Power      Damage    Failure   Level
 Summon Small Mammal      Summ           0%         N/A       100%        1
 Call Canine Familiar     Summ           0%         N/A       100%        3
 Summon Guardian Golem    Hex/Summ       0%         N/A       100%        3


Dungeon Overview and Level Annotations

Branches:
Dungeon (2/15)

Shops:
D:1 [   D:2 (

Annotations:
D:2 Natasha


Innate Abilities, Weirdness & Mutations

You have an increased reservoir of magic. (+10% MP)
You shall have no god before yourself.
Your divine heritage dramatically boosts your attributes as you level up.


Message History

The white imp gestures at you. You block the puff of frost.
You take 9 damage, and have 24/40 hp.
MASSIVE DAMAGE!!
You slash Natasha!
Natasha is severely wounded.
You block Natasha's attack.
The white imp hits you but does no damage.
Natasha stares at you and mumbles some strange words.
You feel yourself slow down.
You barely miss Natasha.
Natasha is almost dead.
The white imp disappears in a puff of smoke!
Natasha looks more healthy.
Natasha zaps a wand.
The puff of flame hits you! Natasha claws you but does no damage.
You take 12 damage, and have 13/40 hp.
MASSIVE DAMAGE!!
You closely miss Natasha.
Natasha is almost dead.
Natasha claws you but does no damage.
You hit Natasha but do no damage.
Natasha is almost dead.
Natasha howls an incantation.
Natasha shimmers violently.
Natasha claws you but does no damage. Natasha casts a spell at you.
You feel as though you will be slow longer.
You hit Natasha but do no damage.
Natasha is almost dead.
Natasha stares at you and mumbles some strange words.
You resist with some effort.
Natasha mewls in sadness.
Natasha claws you.
* * * LOW HITPOINT WARNING * * *
You take 2 damage, and have 11/40 hp.
You hit Natasha but do no damage.
Natasha is almost dead.
Natasha stares at you and mumbles some strange words.
The magic dart hits you!
* * * LOW HITPOINT WARNING * * *
Natasha claws you.
You die...

#.....[..........†#.......
#....###..##......#......#
#####.......#.........#......#
##..∩#....##.####..#.###......#
##.........##..# #..#.# .......
#...........##.# #..#.. ......#
#...........##.##...#..# ####..
#............#.....##... ###
##.........>...@h((...... ####
##...#...##.......(...#. .....
############...#..((# #####
#...# ##.. ##..# # ## #.## #.
... #. #.<# #. #.


You could see Natasha.

Vanquished Creatures
  A gnoll (D:1)
  3 adders (D:2)
  2 dart slugs (D:2)
  8 bats
  2 endoplasms
  3 giant cockroaches
  7 goblins
  5 hobgoblins
  2 jackals (D:1)
  4 quokkas
  4 ball pythons
  A frilled lizard (D:2)
  A kobold (D:1)
  A rat (D:2)
44 creatures vanquished.

Notes
Turn   | Place    | Note
-------+----------+-------------------------------------------
     0 | D:1      | gimp the Demigod Wanderer began the quest for the Orb.
     0 | D:1      | gimp set off with the following items: a +0 falchion, a +2
                  | buckler, a +0 cloak, a +0 leather armour
     0 | D:1      | Reached XP level 1. HP: 18/18 MP: 3/3
    76 | D:1      | Reached skill level 3 in Fighting
    76 | D:1      | Reached XP level 2. HP: 21/26 MP: 4/4
   319 | D:1      | Found Akuchao's Antique Armour Shoppe.
   990 | D:1      | Reached XP level 3. HP: 31/31 MP: 5/5
  1409 | D:2      | Reached skill level 4 in Fighting
  1777 | D:2      | Reached XP level 4. HP: 39/40 MP: 6/6
  1818 | D:2      | Found Jaquth's Weapon Shoppe.
  1834 | D:2      | Noticed Natasha
  1849 | D:2      | Slain by Natasha

Illustrated notes

Levels and vault maps discovered:
D:1:      dpeg_arrival_arbitrary_a, layout_basic, serial_shops,
          nicolae_shop_temple_entry_statues_fountains, basic_ecumenical_altar
D:2:      layout_rooms, serial_shops, shop, minmay_circle_x, uniq_natasha

Skill      XL: |  1  2  3 |
---------------+----------+-----
Fighting       | 3 4 |  4.2
Shields        | 2 |  2.7
Long Blades    | |  1.0
Armour         | |  1.0
Stealth        | |  2.6

Action                   |  1- 3 |  4- 6 || total
-------------------------+-------+-------++-------
Melee: Falchion          |   157 |    10 ||   167
Throw: Dart              |       |     5 ||     5
  Use: Potion            |     1 |       ||     1
 Stab: Sleeping          |     2 |       ||     2
Armor: Leather armour    |    49 |       ||    49
       Chain mail        |    16 |     9 ||    25
Dodge: Dodged            |    67 |     1 ||    68
Block: Buckler           |    55 |     4 ||    59

Table legend: (Time is in decaauts)
 A = Elapsed time spent in this place.
 B = Non-inter-level travel time spent in this place.
 C = Inter-level travel time spent in this place.
 D = Time resting spent in this place.
 E = Time spent auto-exploring this place.
 F = Levels seen in this place.
 G = Mean time per level.
                   A        B        C        D        E       F      G
               +--------+--------+--------+--------+--------+-----+--------+
         Total |   1898 |   1849 |     49 |     13 |   1380 |   2 |  949.0 |
       Dungeon |   1898 |   1849 |     49 |     13 |   1380 |   2 |  949.0 |
               +--------+--------+--------+--------+--------+-----+--------+

Top non-repeatable levels by time:
     D:1: 1191 daAuts
     D:2: 707 daAuts
